 Dungeon Crawl Stone Soup version 0.31-a0-234-gad7ace16ef (webtiles) character file.

Game seed: 13289942563682600117

125 qw the Shooter (level 4, -1/37 HPs)
             Began as a Minotaur Hexslinger on July 9, 2023.
             Slain by Terence
             ... wielding a +0 falchion
              (4 damage)
             ... on level 3 of the Dungeon.
             The game lasted 00:00:47 (2069 turns).

qw the Shooter (Minotaur Hexslinger)                Turns: 2069, Time: 00:00:47

Health: -1/37      AC:  5    Str: 12    XL:     4   Next: 82%
Magic:  4/4        EV: 11    Int: 10    God:
Gold:   89         SH:  0    Dex: 15    Spells: 4/5 levels left

rFire   . . .        Y - +1 sling
rCold   . . .        (no shield)
rNeg    . . .        e - +0 ring mail
rPois   .            (helmet restricted)
rElec   .            (no cloak)
rCorr   .            (no gloves)
SInv    .            (no boots)
Will    .....        d - amulet of the acrobat
Stlth   +            (no ring)
HPRegen 0.26/turn    (no ring)
MPRegen 0.09/turn

%: acrobat
@: no status effects
A: horns 2, retaliatory headbutt
a: no special abilities


You were on level 3 of the Dungeon.
You visited 1 branch of the dungeon, and saw 3 of its levels.

You collected 89 gold pieces.


Innate Abilities, Weirdness & Mutations

You have a pair of horns on your head.
You reflexively headbutt those who attack you in melee.


   Skills:
 + Level 2.5 Fighting
 - Level 5.0 Ranged Weapons
 - Level 1.1 Armour
 - Level 2.1 Dodging
 - Level 1.0 Spellcasting
 - Level 2.0 Hexes


You had 4 spell levels left.
You knew the following spells:

 Your Spells              Type           Power      Damage    Failure   Level
a - Slow                  Hex            16%        N/A       34%         1

Your spell library contained the following spells:

 Spells                   Type           Power      Damage    Failure   Level
 Inner Flame              Hex/Fire       2%         N/A       83%         3
 Portal Projectile        Hex/Tloc       4%         N/A       83%         3
 Cause Fear               Hex            2%         N/A       98%         4

Inventory:

Hand Weapons
 Y - a +1 sling (weapon)
Armour
 e - a +0 ring mail (worn)
Jewellery
 d - an amulet of the acrobat (around neck)
Scrolls
 g - 2 scrolls of teleportation {unknown}
 h - a scroll of revelation {unknown}
Potions
 a - a potion of enlightenment {unknown}
 b - a potion of degeneration {unknown}
 c - a potion of haste
 f - a potion of curing {unknown}
 i - a potion of berserk rage {unknown}

Dungeon Overview and Level Annotations

Branches:
Dungeon (3/15)

Altars:
The Shining One

Shops:
D:2 [

Annotations:
D:3 Terence


Message History

The sling bullet hits the hobgoblin but does no damage.
The hobgoblin is heavily wounded.
You shoot a sling bullet.
The sling bullet closely misses the hobgoblin.
An adder comes into view.
You shoot a sling bullet. The sling bullet hits the hobgoblin.
You kill the hobgoblin!
Terence drinks a potion.
Terence seems to speed up.
You shoot a sling bullet.
The sling bullet closely misses the adder.
You shoot a sling bullet. The sling bullet barely misses Terence.
You shoot a sling bullet. The sling bullet barely misses Terence.
Terence barely misses you. The adder closely misses you.
Terence hits you with a +0 falchion. The adder bites you but does no damage.
You shoot a sling bullet.
The sling bullet hits Terence but does no damage.
Terence closely misses you. The adder bites you but does no damage.
Terence hits you with a +0 falchion.
You shoot a sling bullet.
The sling bullet closely misses Terence.
The adder closely misses you. You furiously retaliate!
You headbutt the adder. Terence hits you with a +0 falchion.
The adder bites you. Terence hits you but does no damage.
You shoot a sling bullet.
The sling bullet barely misses the adder.
The adder bites you but does no damage. Terence hits you with a +0 falchion.
Terence hits you with a +0 falchion! The adder barely misses you.
You shoot a sling bullet.
The sling bullet barely misses the adder.
Terence hits you with a +0 falchion! The adder misses you.
Terence closely misses you. The adder bites you but does no damage.
You shoot a sling bullet. The sling bullet misses the adder.
Terence says, "Time to say good-bye..."
Terence closely misses you. The adder misses you. You furiously retaliate!
You headbutt the adder. Terence hits you with a +0 falchion.
The adder bites you but does no damage.
You shoot a sling bullet. The sling bullet hits the adder!
You kill the adder!
Terence hits you with a +0 falchion.
You die...

#.#......# ..#.#
#########.###...##
....# ..........#
#..## ....
########..# #...#
.[.. #..###..##
#..##..## #..#..##
#.)....# #.<@..##
#.%@.## #...##
#..## .... .(#..
#..#... #..#...


You could see Terence (fast).

Vanquished Creatures
  4 adders
  4 gnolls (D:2)
  A dart slug (D:2)
  An orc (D:3)
  5 bats
  6 endoplasms
  3 giant cockroaches
  7 hobgoblins
  4 jackals (D:2)
  A quokka (D:2)
  6 ball pythons
  2 frilled lizards
  5 goblins
  4 kobolds
  3 rats
56 creatures vanquished.

Notes
Turn   | Place    | Note
-------+----------+-------------------------------------------
     0 | D:1      | qw the Minotaur Hexslinger began the quest for the Orb.
     0 | D:1      | Reached XP level 1. HP: 16/16 MP: 1/1
     0 | D:1      | 0 ||| qw: Version: 0.3-a-51-g015441d
     0 | D:1      | 0 ||| qw: Game counter: 4123
     0 | D:1      | 0 ||| qw: Melee chars always use a shield: true
     0 | D:1      | 0 ||| qw: God list: Okawaru
     0 | D:1      | 0 ||| qw: Allow faded altars: false
     0 | D:1      | 0 ||| qw: Do Orc after clearing Dungeon:15 true
     0 | D:1      | 0 ||| qw: Do second Lair branch before Depths: true
     0 | D:1      | 0 ||| qw: Lair rune preference: random
     0 | D:1      | 0 ||| qw: Goals: Normal
     0 | D:1      | 0 ||| PLANNING D:1-11
   179 | D:1      | Reached skill level 3 in Ranged Weapons
   179 | D:1      | Reached XP level 2. HP: 23/23 MP: 2/2
   771 | D:1      | 771 ||| UPGRADING to +0 ring mail.
   781 | D:1      | 781 ||| DROPPING +0 robe.
   782 | D:1      | 782 ||| UPGRADING to amulet of the acrobat.
   787 | D:1      | 787 ||| READING scroll labelled KUOMAMNOUPT.
   788 | D:1      | 788 ||| READING scroll labelled WUS TOSKEYMO.
   889 | D:1      | 889 ||| DROPPING scroll of poison.
   935 | D:2      | Reached XP level 3. HP: 29/29 MP: 3/3
  1027 | D:2      | Found a glowing golden altar of the Shining One.
  1044 | D:2      | Reached skill level 4 in Ranged Weapons
  1048 | D:2      | Reached skill level 1 in Armour
  1054 | D:2      | HP: 6/29 [gnoll/+0 club (3)]
  1056 | D:2      | Reached XP level 4. HP: 8/36 MP: 4/4
  1440 | D:2      | Reached skill level 5 in Ranged Weapons
  1810 | D:2      | Found Samium's Antique Armour Shoppe.
  1818 | D:2      | 1818 ||| SHOPLISTING dyed leather armour (120 gold, have
                  | 76).
  1818 | D:2      | 1818 ||| SHOPLISTING glowing scarf (192 gold, have 76).
  1818 | D:2      | 1818 ||| SHOPLISTING jewelled leather armour (168 gold,
                  | have 76).
  1936 | D:2      | 1936 ||| DROPPING ring of magical power.
  1937 | D:2      | 1937 ||| READING scroll labelled WUCRU MIGRUO.
  2057 | D:3      | Noticed Terence
  2067 | D:3      | HP: 7/37 [Terence/+0 falchion (8)]
  2068 | D:3      | HP: 3/37 [Terence/+0 falchion (5)]
  2069 | D:3      | Slain by Terence

Levels and vault maps discovered:
D:1:      saegor_arrival_miasma, layout_basic
D:2:      layout_basic, serial_curves, eino_curves_04, eino_curves_02,
          eino_curves_03, basic_altar, serial_shops, nicolae_shop_scrapyard,
          st_stairs_12, minmay_misc_feat_iff
D:3:      layout_basic, gammafunk_ghost_mausoleum, nicolae_figureground_pulse,
          uniq_terence

Skill      XL: |  1  2  3  4 |
---------------+-------------+-----
Ranged Weapons | 3 4 5 |  5.0
Fighting       | 2 |  2.5
Armour         | 1 |  1.1
Dodging        | |  2.1
Spellcasting   | |  1.0
Hexes          | |  2.0

Action                     |  1- 3 |  4- 6 || total
---------------------------+-------+-------++-------
   Fire: Sling             |   116 |    77 ||   193
    Use: Scroll            |     2 |     1 ||     3
 Armour: Robe              |     7 |       ||     7
         Ring mail         |     3 |    28 ||    31
  Dodge: Dodged            |    36 |    29 ||    65

Table legend:
 A = Non-vault XP
 B = Vault XP
 C = Vault XP percentage of total XP
 D = Non-vault monster count
 E = Vault monster count
 F = Vault count percentage of total count
                 A         B        C        D         E       F
            +---------+---------+-------+---------+---------+-------
      Total |     189 |       3 |   1.6 |      54 |       2 |   3.6
            +---------+---------+-------+---------+---------+-------
        D:1 |      35 |       0 |   0.0 |      22 |       0 |   0.0
        D:2 |     132 |       3 |   2.2 |      26 |       2 |   7.1
        D:3 |      22 |       0 |   0.0 |       6 |       0 |   0.0
            +---------+---------+-------+---------+---------+-------
